 Dungeon Crawl Stone Soup version 0.20.1-1-g8b1a95d (webtiles) character file.

85 Irenicus the Slasher (level 4, 0/38 HPs)
             Began as a Draconian Chaos Knight on Oct 12, 2017.
             Slain by an iron imp (5 damage)
             ... summoned by Xom
             ... on level 3 of the Dungeon.
             The game lasted 00:03:27 (1738 turns).

Irenicus the Slasher (Draconian Chaos Knight)       Turns: 1738, Time: 00:03:28

Health: 0/38       AC:  5    Str: 19    XL:     4   Next: 25%
Magic:  4/4        EV: 13    Int: 18    God:    Xom [......]
Gold:   138        SH:  0    Dex: 11    Spells: 3/3 levels left

rFire    + . .     SeeInvis .   a - +0 falchion (chaos)
rCold    + . .     Gourm    .   (no shield)
rNeg     . . .     Faith    .   (armour unavailable)
rPois    +         Spirit   .   (helmet restricted)
rElec    +         Reflect  .   (no cloak)
rCorr    +         Harm     .   (no gloves)
MR       .....                  (no boots)
Stlth    +.........             (no amulet)
Regen    0.2/turn               (no ring)
MPRegen  0.1/turn               (no ring)

@: mighty, brilliant, resistant
A: unfitting armour, cold-blooded, AC +5
a: Renounce Religion


You were on level 3 of the Dungeon.
You worshipped Xom.
You were a very special plaything of Xom.
You were hungry.

You visited 1 branch of the dungeon, and saw 3 of its levels.

You collected 138 gold pieces.

Inventory:

Hand Weapons
 a - a +0 falchion of chaos (weapon)
Scrolls
 c - 3 scrolls of teleportation {unknown}
 d - a scroll of enchant weapon {unknown}
 e - 4 scrolls of remove curse {unknown}
 h - 2 scrolls of immolation {unknown}
 k - 3 scrolls of blinking {unknown}
 l - a scroll of magic mapping {unknown}
 o - 2 scrolls of identify {unknown}
 r - a scroll of fog {unknown}
Potions
 p - a potion of flight {unknown}
 q - a potion of curing {unknown}
Comestibles
 b - 3 bread rations
 f - 3 fruits
 i - 2 meat rations


   Skills:
 - Level 3.2 Fighting
 + Level 4.6 Long Blades
 + Level 2.8 Dodging


You had 3 spell levels left.
You didn't know any spells.

Dungeon Overview and Level Annotations

Branches:
Dungeon (3/15)

Altars:
Fedhas


Innate Abilities, Weirdness & Mutations

Your plain brown scales are hard. (AC +5)
You cannot fit into any form of body armour.
You are cold-blooded and may be slowed by cold attacks.


Message History

The iron imp hits you but does no damage.
It was a potion of brilliance.
You feel clever all of a sudden.
Xom roars with laughter!
The smoke demon closely misses you. The smoke demon hits you.
* * * LOW HITPOINT WARNING * * *
The smoke demon hits you.
* * * LOW HITPOINT WARNING * * *
It was a potion of might.
You feel very mighty all of a sudden. The iron imp misses you.
The smoke demon hits you but does no damage.
The smoke demon hits you.
* * * LOW HITPOINT WARNING * * *
The smoke demon hits you but does no damage.
It was a potion of resistance.
You feel protected.
The iron imp stops burning.
The iron imp hits you.
You die... "I guess I need a new plaything now."

#.....%.....#
#...........#
##'#.........
#.#.#.....##
#.#.#.....# #.#.#.....#
#.#.#.....#
..###########.#.#.....#
......3@5...#...?......
...########.###.#######
#..............
#.#.###.####### #.#.#
#.# #.#.# #.# #.#.# #.#
..#.# #.# ###.# #.#


You could see a smoke demon and an iron imp.

Vanquished Creatures
  An adder (D:3)
  An ooze (D:3)
  3 worms
  A leopard gecko (D:3)
  2 orcs (D:3)
  9 bats
  2 giant cockroaches
  4 goblins
  9 hobgoblins
  7 jackals
  A quokka (D:3)
  A ball python (D:3)
  4 frilled lizards
  7 kobolds
  6 rats
58 creatures vanquished.

Vanquished Creatures (others)
  A jackal (D:1)
1 creature vanquished.

Grand Total: 59 creatures vanquished

Notes
Turn   | Place    | Note
-------+----------+-------------------------------------------
     0 | D:1      | Irenicus the Draconian Chaos Knight began the quest for the Orb.
     0 | D:1      | Reached XP level 1. HP: 19/19 MP: 1/1
   132 | D:1      | XOM: harmless Air miscast
   146 | D:1      | Reached XP level 2. HP: 21/26 MP: 2/2
   478 | D:1      | XOM: harmless Necr miscast
   623 | D:1      | Reached skill level 4 in Long Blades
   877 | D:2      | Reached XP level 3. HP: 30/31 MP: 3/3
   896 | D:2      | Found a blossoming altar of Fedhas.
   942 | D:2      | XOM: summons 1 hostile demon
  1418 | D:3      | XOM: swap monsters
  1510 | D:3      | Reached XP level 4. HP: 5/38 MP: 4/4
  1730 | D:3      | XOM: summons 2 hostile demons
  1731 | D:3      | Noticed a smoke demon
  1738 | D:3      | Slain by an iron imp

Skill      XL: |  1  2 |
---------------+-------+-----
Long Blades    | 4 |  4.6
Fighting       | |  3.2
Dodging        | |  2.8

Action                   |  1- 3 |  4- 6 || total
-------------------------+-------+-------++-------
Melee: Falchion          |   131 |    39 ||   170
       Tailslap          |    16 |     7 ||    23
  Use: Potion            |       |     5 ||     5
 Stab: Petrified         |    11 |       ||    11
       Petrifying        |     1 |       ||     1
  Eat: Chunk             |     2 |       ||     2
Armor: Skin              |    91 |    13 ||   104
Dodge: Dodged            |   122 |    31 ||   153
       Rpst.: Falchion   |    39 |    11 ||    50
